 Dungeon Sprint DCSS version 0.23-a0-147-g7935be9 (webtiles) character file.

410 Fang the Cleaver (level 6, -1/67 HPs)
             Began as a Gargoyle Berserker on Sept 6, 2018.
             Was a High Priest of Trog.
             Slain by a phantasmal warrior (8 damage)
             ... in the Dungeon (Sprint VII: "The Pits").
             The game lasted 00:02:24 (1349 turns).

Fang the Cleaver (Gargoyle Berserker)               Turns: 1349, Time: 00:02:25

Health: -1/67      AC:  6    Str: 28    XL:     6   Next: 89%
Magic:  6/6        EV: 13    Int:  7    God:    Trog [*****.]
Gold:   0          SH:  0    Dex:  9    Spells: 5/5 levels left

rFire    . . .     SeeInvis .   j - +2 hand axe
rCold    . . .     Gourm    .   (no shield)
rNeg     + . .     Faith    .   b - +0 animal skin
rPois    ∞         Spirit   .   (no helmet)
rElec    +         Reflect  .   (no cloak)
rCorr    .         Harm     .   (no gloves)
MR       .....     NoTele   +   (no boots)
Stlth    ..........             (no amulet)
HPRegen  0.21/turn              (no ring)
MPRegen  0.10/turn              (no ring)

@: berserking, vulnerable, very quick
A: negative energy resistance 1, electricity resistance, unbreathing,
petrification resistance, rot immunity, AC +4
a: Berserk, Trog's Hand, Brothers in Arms, Renounce Religion


You were in the Dungeon.
You worshipped Trog.
Trog was extremely pleased with you.
You were hungry.

You visited 1 branch

Inventory:

Hand Weapons
 j - a +2 hand axe (weapon)
 m - a +0 hand axe of chopping
Armour
 b - a +0 animal skin (worn)
Scrolls
 i - a scroll of blinking
 k - 3 scrolls of remove curse
 l - a scroll of summoning
Potions
 a - 2 potions of invisibility
 d - 6 potions of curing
 e - 5 potions of heal wounds
 f - a potion of haste
 g - 4 potions of magic
 h - 3 potions of berserk rage
Comestibles
 c - 8 rations
 n - a chunk of flesh


   Skills:
 + Level 8.7 Fighting
 + Level 10.1 Axes
 + Level 4.0 Armour
 + Level 4.2 Dodging
 + Level 1.9 Stealth


You had 5 spell levels left.
You didn't know any spells.
Your spell library was empty.

Dungeon Overview and Level Annotations

Branches:
Dungeon (1/1)

Altars:
Cheibriados
Dithmenos
Elyvilon
Fedhas
Gozag
Hepliaklqana
Makhleb
Nemelex Xobeh
Okawaru
Qazlal
Ru
Sif Muna
Trog
Vehumet
Wu Jian
Xom
Yredelemnul
Zin
The Shining One
Beogh
Jiyva
Lugonu


Innate Abilities, Weirdness & Mutations

You are resistant to torment.
Your stone body is resilient. (AC +4)
You are immune to poison.
You resist negative energy. (rN+)
You are resistant to electric shocks. (rElec)
You can survive without breathing.
You are immune to petrification.
You are immune to rotting.


Message History

The phantasmal warrior is lightly damaged.
You hit the phantasmal warrior.
The phantasmal warrior is lightly damaged.
The phantasmal warrior barely misses you.
You closely miss the phantasmal warrior.
The phantasmal warrior is lightly damaged.
You slice the phantasmal warrior!!
The phantasmal warrior is severely damaged.
The phantasmal warrior hits you!!
* * * LOW HITPOINT WARNING * * *
You are too injured to fight recklessly!
You are too injured to fight recklessly!
You are too injured to fight recklessly!
You are too injured to fight recklessly!
You closely miss the phantasmal warrior.
The phantasmal warrior is heavily damaged.
You hit the phantasmal warrior but do no damage.
The phantasmal warrior is heavily damaged.
The phantasmal warrior hits you!
You die...

#.#........##.......#
#'###########.......#
#.......# #########
#..###..# #...†...#
##.###.##+#
#.......#.+
#.)###..#W#
#.))....'@#
###########


You could see a phantasmal warrior.

Vanquished Creatures
  A hungry ghost (D)
  A wolf (D)
  A scorpion (D)
  An orc priest (D)
  An orc wizard (D)
  2 worker ants (D)
  A river rat (D)
  An adder (D)
  A white imp (D)
  An ooze (D)
  A worm (D)
  An orc (D)
  A ball python (D)
  A giant cockroach (D)
  3 jackals (D)
  A leopard gecko zombie (D)
19 creatures vanquished.

Notes
Turn   | Place    | Note
-------+----------+-------------------------------------------
     0 | D        | Fang the Gargoyle Berserker began the quest for the Orb.
     0 | D        | Reached XP level 1. HP: 14/14 MP: 1/1
    11 | D        | Noticed a worker ant
    19 | D        | Killed a worker ant
    19 | D        | Reached skill level 5 in Fighting
    19 | D        | Reached skill level 4 in Axes
    19 | D        | Reached XP level 2. HP: 7/21 MP: 2/2
    19 | D        | Reached XP level 3. HP: 8/26 MP: 3/3
   368 | D        | Found a bloodstained altar of Trog.
   368 | D        | Found a deep blue altar of Sif Muna.
   368 | D        | Found a viscous altar of Jiyva.
   368 | D        | Found a hazy altar of Hepliaklqana.
   368 | D        | Found an opulent altar of Gozag.
   369 | D        | Found a glowing golden altar of the Shining One.
   369 | D        | Found a glowing silver altar of Zin.
   369 | D        | Found a basalt altar of Yredelemnul.
   369 | D        | Found a shimmering altar of Xom.
   369 | D        | Found an ornate altar of the Wu Jian Council.
   369 | D        | Found a sacrificial altar of Ru.
   369 | D        | Found a stormy altar of Qazlal.
   369 | D        | Found an iron altar of Okawaru.
   369 | D        | Found a sparkling altar of Nemelex Xobeh.
   369 | D        | Found a burning altar of Makhleb.
   369 | D        | Found a blossoming altar of Fedhas.
   369 | D        | Found a white marble altar of Elyvilon.
   369 | D        | Found a shadowy altar of Dithmenos.
   369 | D        | Found a snail-covered altar of Cheibriados.
   373 | D        | Found a roughly hewn altar of Beogh.
   373 | D        | Found a corrupted altar of Lugonu.
   373 | D        | Found a radiant altar of Vehumet.
   419 | D        | Reached ** piety under Trog
   456 | D        | Reached *** piety under Trog
   460 | D        | Reached skill level 5 in Axes
   460 | D        | Reached XP level 4. HP: 20/32 MP: 4/4
   790 | D        | Noticed a hungry ghost
   812 | D        | Paralysed by fainting for 10 turns
   824 | D        | Killed a hungry ghost
   824 | D        | Reached **** piety under Trog
   824 | D        | Reached skill level 8 in Axes
   824 | D        | Reached XP level 5. HP: 13/38 MP: 5/5
   831 | D        | Received a gift from Trog
  1072 | D        | Noticed a wolf
  1087 | D        | Killed a wolf
  1087 | D        | Reached skill level 9 in Axes
  1087 | D        | Reached skill level 1 in Stealth
  1087 | D        | Reached XP level 6. HP: 44/44 MP: 6/6
  1193 | D        | Reached ***** piety under Trog
  1193 | D        | Reached skill level 10 in Axes
  1342 | D        | Noticed a phantasmal warrior
  1349 | D        | Slain by a phantasmal warrior

Vault maps used:
D:        pitsprint

Skill      XL: |  1  2  3  4  5  6 |
---------------+-------------------+-----
Fighting       | 5 6 7 8 |  8.7
Axes           | 4 5 8 9 10 | 10.1
Dodging        | 2 3 4 |  4.2
Armour         | 3 4 |  4.0
Stealth        | 1 |  1.9

Action                   |  1- 3 |  4- 6 || total
-------------------------+-------+-------++-------
Melee: Hand axe          |    24 |    79 ||   103
Invok: Berserk           |     2 |     2 ||     4
  Use: Potion            |       |     1 ||     1
 Stab: Sleeping          |       |     1 ||     1
  Eat: Chunk             |       |     3 ||     3
       Ration            |       |     1 ||     1
Armor: Animal skin       |     7 |    21 ||    28
Dodge: Dodged            |    24 |    46 ||    70

Table legend:
 A = Non-vault XP
 B = Vault XP
 C = Vault XP percentage of total XP
 D = Non-vault monster count
 E = Vault monster count
 F = Vault count percentage of total count
                 A         B        C        D         E       F
            +---------+---------+-------+---------+---------+-------
      Total |       0 |     586 | 100.0 |       0 |      19 | 100.0
            +---------+---------+-------+---------+---------+-------
          D |       0 |     586 | 100.0 |       0 |      19 | 100.0
            +---------+---------+-------+---------+---------+-------
